Map: Abiogenesis LE

Players

Dae - Winner!

  • Race: Zerg Zerg
  • League: Diamond
  • Spawn Location: 5:00

A.I. 1 (Elite)

  • Race: Protoss Protoss
  • Spawn Location: 11:00

VOD

Have the link to the VOD?

Description

Time

  • Played on: May 2, 2018, 1:59 a.m.
  • Length: 5:59
Show
View Real Time Build Order
Export as new Build Order

Dae Zerg - Winner!

Build Orders: Hatch First 

Get SALT Encoding   

  12  0:01  Drone  
  13  0:13  Overlord  
  13  0:17  Drone  
  14  0:31  Drone x2  
  14  0:34  Drone  
  17  0:55  Hatchery, Drone  
  17  1:10  Spawning Pool  
  16  1:13  Drone  
  16  1:17  Extractor  
  16  1:18  Drone  
  17  1:22  Drone  
  18  1:28  Drone  
  19  1:42  Drone  
  20  1:49  Overlord  
  20  1:57  Queen  
  20  2:00  Roach Warren  
  20  2:01  Drone  
  22  2:07  Drone  
  23  2:11  Drone  
  24  2:19  Drone  
  25  2:23  Drone  
  25  2:28  Drone  
  27  2:33  Drone  
  28  2:39  Extractor, Drone  
  28  2:43  Overlord  
  28  2:51  Roach  
  30  2:54  Roach  
  32  3:01  Overlord  
  32  3:06  Roach  
  32  3:07  Roach x3  
  40  3:15  Roach  
  40  3:17  Overlord  
  42  3:20  Burrow  
  42  3:25  Drone  
  43  3:29  Roach  
  43  3:33  Roach  
  47  3:36  Roach  
  47  3:40  Drone  
  50  3:42  Roach  
  52  3:53  Roach x2  
  52  3:54  Roach  
  58  4:01  Roach  
  60  4:02  Overlord  
  60  4:08  Overlord x2  
  60  4:09  Overlord  
  60  4:22  Roach  
  58  4:25  Roach x4  
  58  4:26  Roach  
  66  4:35  Roach  
  66  4:37  Roach x2  
  70  4:49  Roach x2  
  74  5:02  Roach x2  
  78  5:09  Roach x24  
  78  5:10  Roach x2  
  82  5:22  Roach  
  82  5:30  Roach x8  
Show
View Real Time Build Order
Export as new Build Order

A.I. 1 (Elite) Protoss 

Build Orders:  

Get SALT Encoding   

  12  0:00  Probe  
  13  0:13  Probe  
  14  0:19  Pylon  
  14  0:25  Probe  
  15  0:33  Probe  
  15  0:40  Gateway  
  15  0:41  Probe  
  16  0:47  Assimilator  
  17  0:50  Probe  
  18  0:58  Pylon  
  18  0:59  Probe  
  19  1:07  Probe  
  20  1:18  Probe  
  21  1:28  Cybernetics Core, Zealot  
  21  1:30  Probe  
  24  1:42  Probe  
  25  1:48  Zealot  
  25  1:54  Gateway  
  25  1:56  Pylon  
  25  1:58  Probe  
  28  2:16  Warp Gate  
  28  2:23  Nexus  
  28  2:29  Probe  
  29  2:34  Assimilator  
  29  2:41  Adept, Probe  
  32  2:48  Adept  
  34  2:53  Probe  
  34  2:58  Pylon  
  35  2:59  Adept  
  35  3:05  Probe  
  38  3:16  Stalker  
  38  3:17  Probe  
  41  3:29  Probe  
  42  3:34  Probe  
  42  3:36  Robotics Facility  
  43  3:41  Probe  
  43  3:46  Probe  
  45  3:48  Adept  
  45  3:52  Adept  
  45  3:54  Probe  
  48  3:59  Probe  
  51  4:06  Probe  
  51  4:09  Pylon  
  52  4:11  Probe  
  53  4:18  Probe  
  53  4:23  Probe  
  53  4:24  Immortal  
  53  4:25  Stalker  
  53  4:29  Adept  
  53  4:30  Probe  
  52  4:44  Adept  
  50  4:49  Stalker  
  50  4:58  Adept  
  51  5:12  Zealot  
  51  5:13  Pylon  
  53  5:16  Adept  
  50  5:25  Twilight Council  
  50  5:29  Adept  
  50  5:32  Adept  
  48  5:37  Nexus  
  39  5:48  Stalker  
Tags
 
League
Diamond
Matchup
PvZ
Spawn Locations
Cross Positions
Add a new tag
Caveats
  • Supply blocks, unpowered buildings, or Contaminate may cause inaccurate times.
  • Supply counts are checked every 10 seconds.